 Dungeon Crawl Stone Soup version 0.31-a0-654-gbe3e110b4e (webtiles) character file.

Game seed: 12081877069934448711

3637 killozap the Purveyor of Pain (level 9, -3/65 (69) HPs)
             Began as a Demonspawn Necromancer on Aug 29, 2023.
             Was an Initiate of Kikubaaqudgha.
             Succumbed to a killer bee's poison
             ... on level 7 of the Dungeon.
             The game lasted 00:29:23 (10644 turns).

killozap the Purveyor of Pain (DsNe)               Turns: 10644, Time: 00:29:23

HP:   -3/65 (69)    AC:  4    Str:  8    XL:     9   Next: 87%
MP:   18/18         EV: 14    Int: 22    God:    Kikubaaqudgha [......]
Gold: 504           SH:  0    Dex: 15    Spells: 7/20 levels left

rFire   + . .        a - +4 trident (drain)
rCold   . . .        r - orb {light}
rNeg    . . .        w - +2 robe {rF+}
rPois   .            (helmet restricted)
rElec   .            (no cloak)
rCorr   .            (no gloves)
SInv    .            (no boots)
Will    .....        k - amulet of the acrobat
Stlth   +            (no ring)
HPRegen 0.30/turn    (no ring)
MPRegen 0.16/turn

%: acrobat
@: lethally poisoned (-3 -> -19), glowing, drained
A: horns 1, thin skeletal structure 1, demonic guardian 1, powered by death 1
a: Renounce Religion


You were on level 7 of the Dungeon.
You worshipped Kikubaaqudgha.
Kikubaaqudgha was noncommittal.
You visited 2 branches of the dungeon, and saw 9 of its levels.

You collected 504 gold pieces.

Inventory:

Hand Weapons
 a - a +4 trident of draining (weapon)
 b - a +2 dagger of venom
 q - a +1 whip of freezing
Missiles
 c - 13 poisoned darts
 h - a throwing net
Armour
 r - an orb of light (worn)
 w - a +2 robe of fire resistance (worn)
Jewellery
 k - an amulet of the acrobat (around neck)
Wands
 d - a wand of polymorph (9)
 n - a wand of roots (15)
 u - a wand of charming (6)
Scrolls
 f - a scroll of revelation
 j - a scroll of amnesia
 l - 2 scrolls of teleportation
 p - a scroll of noise
Potions
 g - a potion of mutation {unknown}
 i - 2 potions of haste
 m - 4 potions of enlightenment
 o - 2 potions of invisibility
 s - 4 potions of curing
 v - a potion of magic
 x - a potion of might {unknown}
 z - a potion of lignification {unknown}


   Skills:
 + Level 6.1 Fighting
 + Level 6.0 Dodging
 - Level 1.7 Stealth
 + Level 6.1 Spellcasting
 * Level 10.8 Necromancy


You had 7 spell levels left.
You knew the following spells:

 Your Spells              Type           Power      Damage    Failure   Level
a - Necrotise             Necr           100%       1d9       1%          1
b - Vampiric Draining     Necr           53%        2d9       1%          3
c - Animate Dead          Necr           53%        N/A       1%          4
d - Agony                 Necr           53%        N/A       3%          5

Your spell library contained the following spells:

 Spells                   Type           Power      Damage    Failure   Level
 Apportation              Tloc           12%        N/A       9%          1
 Summon Small Mammal      Summ           24%        N/A       9%          1
 Dazzling Flash           Conj/Hex       12%        N/A       26%         3
 Summon Guardian Golem    Hex/Summ       6%         N/A       26%         3
 Volatile Blastmotes      Fire/Tloc      12%        2d11      26%         3
 Cause Fear               Hex            3%         N/A       65%         4
 Fireball                 Conj/Fire      3%         3d4       94%         5
 Silence                  Hex/Air        3%         N/A       94%         5
 Starburst                Conj/Fire      3%         6d3       100%        6
 Orb of Destruction       Conj           3%         9d5       100%        7
 Spellforged Servitor     Conj/Summ      3%         N/A       100%        7
 Maxwell's Capacitive Co  Air            3%         ∞         100%        8
 Dragon's Call            Summ           3%         N/A       100%        9


Dungeon Overview and Level Annotations

Branches:
Dungeon (8/15)             Temple (1/1) D:7
   Lair: D:8-11

Altars:
Ashenzari
Cheibriados
Dithmenos
Fedhas
Gozag
Hepliaklqana
Kikubaaqudgha
Makhleb
Nemelex Xobeh
Okawaru
Qazlal
Ru
Sif Muna
Trog
Uskayaw
Vehumet
Wu Jian
Xom
Yredelemnul

Annotations:
D:7 exclusion: 2 downstairs
D:8 Amaemon


Innate Abilities, Weirdness & Mutations

You have a pair of small horns on your head.
You have a somewhat thin skeletal structure. (Dex +2, Stealth+)
A weak demonic guardian rushes to your aid.
You regenerate a little health from kills.


Message History

The howler monkey hoots and howls with incredible vigour!
As you read the scroll of teleportation, it crumbles to dust.
You feel strangely unstable. The wight barely misses you.
Your surroundings suddenly seem different.
HP restored.
Done exploring.
There is a stone staircase leading down here.
This staircase is marked as excluded!
You climb downwards.
Level annotation: Amaemon The orc warrior shouts!
The killer bee buzzes angrily.
The water moccasin hisses angrily.
You hear an angry buzzing noise.
The killer bee misses you. The killer bee barely misses you.
The killer bee closely misses you. The wight barely misses you.
The killer bee stings you. The orc warrior misses you.
The howler monkey hits you. The killer bee stings you.
The orc warrior hits you with a +0 long sword!!
A demonic guardian appears!
The killer bee stings you. The wight misses you.
A killer bee comes into view.
The killer bee stings you.
You are poisoned.
The killer bee poisons you!
There is a stone staircase leading up, spattered with blood here.
You feel sick. The killer bee stings you!
The killer bee stings you but does no damage.
The killer bee stings you.
* * * LOW HITPOINT WARNING * * *
The howler monkey hoots and howls with incredible vigour!
The killer bee closely misses you. The killer bee stings you.
* * * LOW HITPOINT WARNING * * *
You are lethally poisoned!
The killer bee poisons you!
The orc warrior hits you with a +0 long sword.
* * * LOW HITPOINT WARNING * * *
The killer bee closely misses you. The wight hits you with a +1 mace.
* * * LOW HITPOINT WARNING * * *
You climb upwards.
Level annotation: exclusion: 2 downstairs You die...
Kikubaaqudgha rasps: "You have failed me!
Welcome... death!"

##.####.##..##
#....#.......#
###.##.##....#.##
....##.#####....##
###.#............#
#############..########
#...........).........#
##.###########.o######.#
...#.....#.# #zy@# #.#
...#.......# ##yy# #.#
...#..#....# #.h# #.#
...#..#########..# #.#
...#.............#####.#
##.##.#.#......#.[.....#
##.##...#...(...########
...####.#..###..#
#.).....#..# #..#


You could see an orc warrior, a howler monkey (catching breath), 3 killer bees
and a wight.

Vanquished Creatures
  Jeremiah (D:7)
  2 water moccasins
  An ice beast (D:7)
  5 ogres
  3 centaurs
  A kobold brigand (D:7)
  Blork the orc (D:6)
  A gnoll sergeant (D:5)
  3 bullfrogs
  4 scorpions
  3 killer bees (D:7)
  A hound (D:5)
  2 jellies
  An orc priest (D:7)
  2 gnoll boudas (D:6)
  2 sleepcaps
  4 iguanas
  4 orc wizards
  8 adders
  7 gnolls
  2 white imps (D:5)
  2 worms
  2 dart slugs
  13 orcs
  4 endoplasms
  A giant cockroach (D:2)
  8 goblins
  9 hobgoblins
  2 jackals (D:2)
  4 quokkas
  7 ball pythons
  3 bats
  5 frilled lizards
  16 kobolds
  10 rats
144 creatures vanquished.

Vanquished Creatures (collateral kills)
  Pikel (D:4)
  Joseph (D:7)
  A phantom (D:6)
  2 orc priests
  Ijyb (D:5)
  An adder (D:5)
  2 orcs (D:7)
  A kobold (D:4)
10 creatures vanquished.

Vanquished Creatures (others)
  A centaur zombie (D:8)
  A scorpion zombie (D:4)
  A killer bee zombie (D:7)
  3 ogre zombies
  2 adder zombies (D:5)
  A jelly zombie (D:5)
  2 gnoll zombies (D:6)
  A kobold zombie (D:8)
  3 orc zombies (D:5)
15 creatures vanquished.

Grand Total: 169 creatures vanquished

Notes
Turn   | Place    | Note
-------+----------+-------------------------------------------
     0 | D:1      | killozap the Demonspawn Necromancer began the quest for the
                  | Orb.
     0 | D:1      | Reached XP level 1. HP: 13/13 MP: 3/3
   239 | D:1      | Gained mutation: A weak demonic guardian rushes to your
                  | aid. [demonic ancestry]
   239 | D:1      | Reached XP level 2. HP: 20/20 MP: 1/5
   919 | D:1      | Reached skill level 1 in Fighting
   931 | D:1      | Reached XP level 3. HP: 26/26 MP: 0/6
  1381 | D:2      | Learned a level 3 spell: Vampiric Draining
  1546 | D:2      | Reached skill level 5 in Necromancy
  2296 | D:3      | Reached XP level 4. HP: 32/32 MP: 4/7
  2301 | D:3      | Learned a level 4 spell: Animate Dead
  2588 | D:3      | Found a faded altar of an unknown god.
  3441 | D:4      | Gained mutation: You have a pair of small horns on your
                  | head. [demonic ancestry]
  3441 | D:4      | Reached XP level 5. HP: 38/38 MP: 6/9
  3615 | D:4      | Found a shimmering blue altar of Sif Muna.
  3734 | D:4      | Reached skill level 6 in Necromancy
  3830 | D:4      | Noticed a lemure
  4173 | D:4      | Noticed a lemure
  4208 | D:4      | Found a stormy altar of Qazlal.
  4384 | D:4      | Noticed a lemure
  4540 | D:4      | Gained mutation: You have a somewhat thin skeletal
                  | structure. (Dex +2, Stealth+) [demonic ancestry]
  4540 | D:4      | Reached XP level 6. HP: 17/46 MP: 2/10
  4591 | D:4      | Noticed Pikel
  4603 | D:4      | Killed Pikel
  4604 | D:4      | Reached skill level 7 in Necromancy
  4604 | D:4      | Gained mutation: You regenerate a little health from kills.
                  | [demonic ancestry]
  4604 | D:4      | Reached XP level 7. HP: 25/52 MP: 1/13
  4854 | D:5      | Entered Level 5 of the Dungeon
  4857 | D:5      | Noticed Ijyb
  4947 | D:5      | Learned a level 5 spell: Agony
  5290 | D:5      | Found a shadowy altar of Dithmenos.
  5357 | D:5      | Killed Ijyb
  5425 | D:5      | Reached XP level 8. HP: 54/60 MP: 5/14
  5673 | D:5      | Reached skill level 8 in Necromancy
  6200 | D:5      | Found a bloodstained altar of Trog.
  7128 | D:6      | Reached skill level 5 in Spellcasting
  7128 | D:6      | Reached skill level 9 in Necromancy
  7380 | D:6      | Found an iron altar of Okawaru.
  7515 | D:6      | Reached skill level 5 in Fighting
  7515 | D:6      | Reached skill level 5 in Dodging
  7681 | D:6      | Reached XP level 9. HP: 54/68 MP: 9/16
  8127 | D:6      | Noticed Blork the orc
  8135 | D:6      | Killed Blork the orc
  8188 | D:6      | Found a hazy altar of Hepliaklqana.
  8188 | D:6      | Found a faded altar of an unknown god.
  8713 | D:7      | Noticed Joseph
  8775 | D:7      | Killed Joseph
  8776 | D:7      | Reached skill level 10 in Necromancy
  9003 | D:7      | Noticed a boulder beetle
  9727 | D:7      | Noticed Jeremiah
  9735 | D:7      | Killed Jeremiah
  9876 | D:7      | Found a staircase to the Ecumenical Temple.
  9887 | Temple   | Entered the Ecumenical Temple
  9904 | Temple   | Became a worshipper of Kikubaaqudgha
 10383 | D:8      | Noticed Amaemon
 10643 | D:8      | HP: 2/65 [wight/+1 mace (6)]
 10644 | D:7      | Succumbed to a killer bee's poison

Illustrated notes

Levels and vault maps discovered:
D:1:      matt_arrival_spirals, layout_loops_ring, minmay_tetromino_o2
D:2:      layout_loops_ring
D:3:      layout_loops_corners, shapermc_ecumenical_altar_flowoftime
D:4:      layout_loops_corners, mainiacjoe_overflow_alcove_4,
          mainiacjoe_overflow_big_doors, kennysheep_generic_room_6, uniq_pikel
D:5:      cheibrodos_helix_gallery, layout_loops_ring, trog_book,
          old_standard_altar, minmay_fractal_squares_diagonal_5, uniq_ijyb
D:6:      layout_basic, beargit_hepliaklqana_dungeon_heroes,
          jmf_multi_god_temple, nicolae_grassy_gnolls
D:7:      layout_basic, minmay_temple_entry_gardened_gates, uniq_jeremiah,
          uniq_joseph
D:8:      layout_cave_pools, uniq_amaemon, uniq_maurice
Temple:   nicolae_temple_ecumenical_triangle

Skill      XL: |  1  2  3  4  5  6  7  8  9 |
---------------+----------------------------+-----
Dodging        | 2 3 4 5 6 |  6.0
Fighting       | 1 2 3 5 6 |  6.1
Necromancy     | 5 6 7 9 10 | 10.8
Spellcasting   | 3 4 5 6 |  6.1
Stealth        | |  1.7

Action                     |  1- 3 |  4- 6 |  7- 9 || total
---------------------------+-------+-------+-------++-------
  Melee: Unarmed           |     9 |       |       ||     9
         Club              |     6 |       |       ||     6
         Dagger            |     9 |       |    72 ||    81
         Short sword       |    12 |     8 |       ||    20
         Headbutt          |       |     2 |    27 ||    29
         Whip              |       |       |    22 ||    22
         Trident           |       |       |    14 ||    14
   Cast: Necrotise         |    84 |    59 |   135 ||   278
         Vampiric Draining |       |     3 |    35 ||    38
         Animate Dead      |       |     1 |    17 ||    18
         Agony             |       |       |    10 ||    10
    Use: Scroll            |       |       |    14 ||    14
   Stab: Distracted        |       |     1 |       ||     1
 Armour: Robe              |    17 |     4 |    27 ||    48
  Dodge: Dodged            |    40 |    12 |   144 ||   196

Table legend: (Time is in decaauts)
 A = Elapsed time spent in this place.
 B = Non-inter-level travel time spent in this place.
 C = Inter-level travel time spent in this place.
 D = Time resting spent in this place.
 E = Time spent auto-exploring this place.
 F = Levels seen in this place.
 G = Mean time per level.
                   A        B        C        D        E       F      G
               +--------+--------+--------+--------+--------+-----+--------+
         Total |  10658 |  10119 |    539 |    623 |   7724 |   9 | 1184.2 |
       Dungeon |  10621 |  10114 |    507 |    623 |   7724 |   8 | 1327.6 |
        Temple |     37 |      5 |     32 |      0 |      0 |   1 |   37.0 |
               +--------+--------+--------+--------+--------+-----+--------+

Top non-repeatable levels by time:
     D:7: 2208 daAuts
     D:5: 1922 daAuts
     D:6: 1565 daAuts
     D:4: 1543 daAuts
     D:1: 1277 daAuts
     D:3: 1223 daAuts
     D:2: 851 daAuts
  Temple: 37 daAuts
     D:8: 29 daAuts
